 Dungeon Crawl Stone Soup version 0.25-a0-1002-gbcf8c60d55 (webtiles) character file.

Game seed: 13567375360973598123, levelgen mode: deterministic

40711 Chiseanne the Fighter (level 13, -11/163 HPs)
             Began as a Demonspawn Wanderer on May 11, 2020.
             Was an Initiate of Gozag.
             Mangled by a sphinx (13 damage)
             ... summoned by Kirke
             ... on level 14 of the Dungeon.
             The game lasted 00:54:15 (19095 turns).

Chiseanne the Fighter (Demonspawn Wanderer)        Turns: 19095, Time: 00:54:16

Health: -11/163    AC:  0    Str: 14    XL:     13   Next: 76%
Magic:  16/16      EV: 28    Int: 14    God:    Gozag
Gold:   1188       SH:  0    Dex: 16    Spells: 16/16 levels left

rFire    . . .     SeeInvis .   (weapon currently unavailable)
rCold    . . .     Gourm    .   (shield currently unavailable)
rNeg     . . .     Faith    .   (armour currently unavailable)
rPois    .         Spirit   .   (helmet currently unavailable)
rElec    .         Reflect  .   (cloak currently unavailable)
rCorr    .         Harm     +   (gloves currently unavailable)
MR       .....                  (boots currently unavailable)
Stlth    ..........             p - amulet of harm
HPRegen  0.37/turn              (ring currently unavailable)
MPRegen  0.15/turn              (ring currently unavailable)

@: berserking (expiring), pig-form, slowed, repel missiles, very quick
A: small, repulsion field 3, nightstalker 1
a: Potion Petition, Call Merchant, Bribe Branch, Renounce Religion


You were on level 14 of the Dungeon.
You worshipped Gozag.
Gozag was most pleased with you.
You were not hungry.
You were a filthy swine.
You visited 1 branch of the dungeon, and saw 14 of its levels.
You also visited: Sewer, Ossuary and Bailey.

You collected 4399 gold pieces.
You spent 1861 gold pieces at shops.
You paid 1350 gold pieces to Gozag.

Inventory:

Hand Weapons
 a - a +7 morningstar of flaming (melded)
 m - a +1 trident of venom
 q - a +0 hunting sling
 H - a +2 scimitar of freezing
 I - a +3 falchion of flaming
 V - a cursed +4 scimitar
Missiles
 c - 127 sling bullets
 h - 193 bolts
 k - 3 throwing nets
 y - 14 boomerangs (quivered)
Armour
 d - the +0 helmet "Zoor" (melded) {rElec}
   (You found it in a bailey)

   It insulates you from electricity.
 A - a scarf of cloud immunity (melded)
 E - a +4 tower shield of poison resistance (melded)
 M - the +5 scale mail of the Wumpus (melded) {rF+ rN+ MR- Int+4}
   (You bought it in a shop on level 5 of the Dungeon)

   It affects your intelligence (+4).
   It protects you from fire.
   It protects you from negative energy.
   It affects your resistance to hostile enchantments.
 T - a +0 pair of boots (melded)
Jewellery
 p - an amulet of harm (around neck)
 r - a +3 ring of strength
 w - an uncursed amulet of faith {unknown}
 C - a +2 ring of protection
 D - a cursed amulet of magic regeneration {unknown}
 G - a ring of ice (melded)
 O - an uncursed ring of fire
 Q - a ring of protection from fire (melded)
Wands
 e - a wand of random effects (7)
 g - a wand of enslavement (3)
 x - a wand of flame (78)
Scrolls
 b - 3 scrolls of magic mapping
 i - 11 scrolls of remove curse
 j - 2 scrolls of amnesia
 l - 3 scrolls of fog
 n - 4 scrolls of teleportation
 o - 3 scrolls of immolation
 W - a scroll of fear
Potions
 s - a potion of ambrosia
 B - a potion of invisibility
 F - 3 potions of lignification
 K - 3 potions of stabbing
 L - 6 potions of curing
 N - 3 potions of cancellation
 P - 3 potions of berserk rage
Comestibles
 f - 15 rations


   Skills:
 * Level 12.4 Fighting
 - Level 2.6 Polearms
 * Level 11.3 Armour
 * Level 11.4 Dodging
 - Level 1.7 Stealth
 * Level 10.0 Shields
 - Level 2.0 Spellcasting
   Level 1.0 Conjurations


You had 16 spell levels left.
You didn't know any spells.
Your spell library contained the following spells:

 Spells                   Type           Power        Failure   Level  Hunger
 Confusing Touch          Hex            #.......     56%         3    ####...
 Gell's Gravitas          Tloc           #.........   56%         3    ####...
 Petrify                  Tmut/Erth      #.......     93%         4    #####..
 Metabolic Englaciation   Hex/Ice        #.........   100%        5    ######.
 Yara's Violent Unravell  Hex/Tmut       #.........   100%        5    ######.


Dungeon Overview and Level Annotations

Branches:
Dungeon (14/15)            Temple (0/1) D:6            Lair (0/6) D:11
    Orc (0/2) D:11         Vaults (0/5) D:13          Sewer (visited)
Ossuary (visited)          Bailey (visited)

Altars:
Elyvilon
Fedhas
Gozag
Okawaru
Qazlal
Xom
Yredelemnul

Shops:
D:5 [   D:8 =   D:10 *   D:11 [:   D:12 *

Annotations:
D:14 3 runed translucent doors, Kirke; PirateVox's ghost, journeyman KoBe


Innate Abilities, Weirdness & Mutations

((You have very sharp fingernails.))
You are surrounded by a strong repulsion field. (EV +4, RMsl)
You are slightly more attuned to the shadows.
((You are mostly covered in sharp spines.))


Message History

You are too berserk!
Unknown command.
You are too berserk!
Unknown command.
You bite Kirke!
Kirke is heavily wounded.
Kirke hits you.
* * * LOW HITPOINT WARNING * * *
The sphinx casts a spell.
You struggle to resist.
You hit Kirke.
Kirke is severely wounded.
The harpy completely misses you. x2; The harpy closely misses you. x2
Kirke hits you!
* * * LOW HITPOINT WARNING * * *
You bite Kirke!
Kirke is severely wounded.
The sphinx closely misses you. The sphinx hits you!
You die...
Your body crumbles into a pile of gold.

#.# #..≈h♣≈(...# #.#
#..≈≈≈≈≈...# #.#
#.@.≈≈≈.(..# #.#
##.....(.#^#
#.######.....##.#
#######.....####$####.#
.........##.# #hh....#
########.##.## #@######
#.##..###h# #
#.##.(..HH# ####
#.##...)..# ...#
#.##..)∩).# ##.#
#.###..)(.# ##.## #.#
#.....# #...## #.#
#.#.#.# .###.###.#
#.#...# .# #.....#
#.###.#


You could see Kirke, a sphinx (summoned), a harpy (summoned) and 2 hogs.

Vanquished Creatures
  Harold (D:11)
  2 vault guards
  3 hydras
  A death knight (D:12)
  9 two-headed ogres
  Nergalle (D:12)
  3 skeletal warriors (D:13)
  An unseen horror (D:13)
  A wizard (D:13)
  A necromancer (D:12)
  Pikel (D:4)
  2 ugly things
  A deep elf mage (D:13)
  2 manticores
  2 cyclopes (D:14)
  A salamander (shapeshifter) (D:13)
  A guardian serpent (shapeshifter) (D:14)
  Joseph (D:7)
  A gargoyle (D:13)
  Psyche (D:8)
  5 yaktaurs
  A komodo dragon (D:11)
  Maggie (D:8)
  A troll (D:13)
  2 hornets
  Prince Ribbit (D:7)
  2 dream sheep (D:10)
  10 slime creatures
  2 hippogriffs
  An acid dragon (D:14)
  4 shadows
  3 hogs (D:14)
  2 wyverns (D:11)
  2 hungry ghosts
  26 yaks
  20 humans
  3 vampire mosquitoes (D:11)
  3 insubstantial wisps (D:11)
  A water moccasin (D:9)
  10 orc warriors
  4 sky beasts
  4 phantoms
  3 ice beasts
  2 black bears
  A crocodile (Sewer)
  6 ogres
  A centaur (D:7)
  6 big kobolds
  8 bullfrogs
  2 wyvern skeletons
  2 scorpions
  3 killer bees (D:9)
  16 wights
  4 crimson imps
  8 howler monkeys
  A quasit (D:10)
  Crazy Yiuf (D:4)
  A bullfrog zombie (D:13)
  A human zombie (Ossuary)
  4 jellies
  3 orc priests
  7 hounds
  14 orc wizards
  A centaur skeleton (D:12)
  A bullfrog skeleton (D:12)
  9 iguanas
  10 worker ants
  A big kobold zombie (Ossuary)
  2 hound zombies
  A hound skeleton (D:9)
  3 mummies (Ossuary)
  17 adders
  4 gnolls (D:8)
  6 river rats (D:3)
  3 shadow imps
  An ooze (D:7)
  6 adder zombies
  3 worms
  3 dart slugs
  7 leopard geckos
  69 orcs
  18 bats
  12 giant cockroaches
  A gnoll zombie (Ossuary)
  6 goblins
  12 hobgoblins
  6 jackals
  24 kobolds
  7 quokkas
  2 ball pythons
  9 frilled lizards
  3 kobold zombies (Ossuary)
  5 quokka zombies
  8 rats
  5 rat zombies
  A fungus (D:11)
  A plant (D:11)
505 creatures vanquished.

Vanquished Creatures (collateral kills)
  An orc knight (Bailey)
  A raiju (shapeshifter) (D:14)
  A necrophage (D:12)
  A scorpion (D:12)
  3 orcs (D:12)
7 creatures vanquished.

Vanquished Creatures (others)
  5 dream sheep (D:5)
  2 orc warriors
  A worker ant (D:11)
  2 jackals (D:4)
10 creatures vanquished.

Grand Total: 522 creatures vanquished

Notes
Turn   | Place    | Note
-------+----------+-------------------------------------------
     0 | D:1      | Chiseanne the Demonspawn Wanderer began the quest for the
                  | Orb.
     0 | D:1      | Chiseanne set off with the following items: a +2 spear, a
                  | +0 short sword, a potion of lignification, a +0 robe, a +0
                  | dagger, a ration
     0 | D:1      | Reached XP level 1. HP: 15/15 MP: 3/3
   406 | D:1      | Reached skill level 1 in Dodging
   406 | D:1      | Gained mutation: You are partially covered in sharp spines.
                  | [demonic ancestry]
   406 | D:1      | Reached XP level 2. HP: 11/21 MP: 5/5
   867 | D:1      | Reached skill level 2 in Fighting
  1075 | D:2      | Reached XP level 3. HP: 27/27 MP: 6/6
  2283 | D:3      | Reached skill level 1 in Armour
  2283 | D:3      | Gained mutation: You have sharp fingernails. [demonic
                  | ancestry]
  2283 | D:3      | Reached XP level 4. HP: 34/34 MP: 7/7
  2443 | D:3      | HP: 1/34 [river rat (8)]
  2459 | D:3      | Reached skill level 3 in Fighting
  2466 | D:3      | Gained mutation: You are surrounded by a mild repulsion
                  | field. (EV +2) [demonic ancestry]
  2466 | D:3      | Reached XP level 5. HP: 4/41 MP: 8/8
  2527 | D:3      | Found a glowing drain.
  2539 | Sewer    | Entered a sewer
  2757 | Sewer    | Noticed a crocodile
  2775 | Sewer    | Killed a crocodile
  2775 | Sewer    | Reached XP level 6. HP: 24/48 MP: 9/9
  3618 | D:4      | Reached skill level 4 in Fighting
  3729 | D:4      | Noticed an orc warrior
  3759 | D:4      | Killed an orc warrior
  3759 | D:4      | Gained mutation: You are surrounded by a moderate repulsion
                  | field. (EV +3) [demonic ancestry]
  3759 | D:4      | Reached XP level 7. HP: 7/55 MP: 10/10
  3793 | D:4      | HP: 4/82 [poisoned by a worker ant]
  4262 | D:4      | Found a basalt altar of Yredelemnul.
  4273 | D:4      | Reached skill level 5 in Fighting
  4599 | D:4      | Noticed Pikel
  4622 | D:4      | Killed Pikel
  4622 | D:4      | Reached skill level 6 in Fighting
  4622 | D:4      | Reached skill level 5 in Armour
  4622 | D:4      | Reached skill level 5 in Dodging
  4622 | D:4      | Reached XP level 8. HP: 57/64 MP: 11/11
  5074 | D:4      | Found a runed translucent door.
  5075 | D:4      | Noticed Crazy Yiuf
  5084 | D:4      | Killed Crazy Yiuf
  5174 | D:5      | Entered Level 5 of the Dungeon
  5200 | D:5      | Found an opulent altar of Gozag.
  5210 | D:5      | Became a worshipper of Gozag Ym Sagoz the Greedy
  5290 | D:5      | Found Pirim's Armour Boutique.
  5314 | D:5      | Bought a +2 tower shield of poison resistance for 203 gold
                  | pieces
  5615 | D:5      | Noticed a dream sheep
  5615 | D:5      | Noticed a dream sheep
  5615 | D:5      | Noticed a dream sheep
  5615 | D:5      | Noticed a dream sheep
  5615 | D:5      | Noticed a dream sheep
  5615 | D:5      | Found a shimmering altar of Xom.
  5619 | D:5      | Killed a dream sheep
  5620 | D:5      | Killed a dream sheep
  5620 | D:5      | Killed a dream sheep
  5620 | D:5      | Killed a dream sheep
  5621 | D:5      | Killed a dream sheep
  5805 | D:6      | Found a staircase to the Ecumenical Temple.
  6064 | D:6      | Found a sand-covered staircase.
  6081 | Ossuary  | Entered an ossuary
  6093 | Ossuary  | Gained mutation: You are slightly more attuned to the
                  | shadows. [demonic ancestry]
  6093 | Ossuary  | Reached XP level 9. HP: 30/71 MP: 12/12
  7077 | D:6      | Reached skill level 7 in Fighting
  7086 | D:6      | Found an opulent altar of Gozag.
  7295 | D:5      | Bought the +5 scale mail of the Wumpus {rF+ rN+ MR- Int+4}
                  | for 565 gold pieces
  7477 | D:7      | Noticed Prince Ribbit
  7489 | D:7      | Found an iron altar of Okawaru.
  7525 | D:7      | Killed Prince Ribbit
  7658 | D:7      | Noticed Joseph
  7682 | D:7      | Killed Joseph
  8290 | D:8      | Found Onooh's Jewellery Emporium.
  8314 | D:8      | Noticed Maggie
  8511 | D:8      | Noticed a two-headed ogre
  8515 | D:8      | Killed a two-headed ogre
  8515 | D:8      | Reached skill level 8 in Fighting
  8515 | D:8      | Gained mutation: You are mostly covered in sharp spines.
                  | [demonic ancestry]
  8515 | D:8      | Reached XP level 10. HP: 80/80 MP: 13/13
  8668 | D:8      | Noticed a two-headed ogre
  8673 | D:8      | Killed a two-headed ogre
  8830 | D:8      | Found a blossoming altar of Fedhas.
  8840 | D:8      | Noticed Psyche
  8845 | D:8      | Killed Psyche
  8845 | D:8      | Reached skill level 5 in Shields
  8984 | D:8      | Killed Maggie
  9131 | D:9      | Noticed a two-headed ogre
  9140 | D:9      | Killed a two-headed ogre
  9249 | D:9      | Reached skill level 9 in Fighting
  9685 | D:9      | Noticed a two-headed ogre
  9690 | D:9      | Killed a two-headed ogre
  9690 | D:9      | Gained mutation: You are surrounded by a strong repulsion
                  | field. (EV +4, RMsl) [demonic ancestry]
  9690 | D:9      | Reached XP level 11. HP: 54/89 MP: 14/14
  9855 | D:9      | Found a stormy altar of Qazlal.
 10160 | D:10     | Entered Level 10 of the Dungeon
 10188 | D:10     | Paralysed by a hornet for 2 turns
 10512 | D:10     | Found Ziolil's Assorted Antiques.
 10521 | D:10     | Bought a scroll of teleportation for 63 gold pieces
 10521 | D:10     | Bought a scroll of teleportation for 63 gold pieces
 10521 | D:10     | Bought a scroll labeled TACRYM IHON for 21 gold pieces
 10521 | D:10     | Bought a lumpy inky potion for 18 gold pieces
 10521 | D:10     | Bought a brass ring for 105 gold pieces
 10521 | D:10     | Bought a potion of flight for 63 gold pieces
 10671 | D:10     | Noticed a three-headed hydra
 10676 | D:10     | Killed a three-headed hydra
 11272 | D:11     | Reached skill level 10 in Fighting
 11420 | D:11     | Found a staircase to the Lair.
 11518 | D:11     | Found Ryiseagy's Antique Armour Emporium.
 11564 | D:11     | Noticed a two-headed ogre
 11612 | D:11     | Killed a two-headed ogre
 11625 | D:11     | Noticed a two-headed ogre
 11630 | D:11     | Killed a two-headed ogre
 11763 | D:11     | Noticed Harold
 11782 | D:11     | Killed Harold
 11858 | D:11     | Noticed a two-headed ogre
 11875 | D:11     | Killed a two-headed ogre
 11875 | D:11     | Gained mutation: You have very sharp fingernails. [demonic
                  | ancestry]
 11875 | D:11     | Reached XP level 12. HP: 84/98 MP: 15/15
 12083 | D:11     | Bought a glowing scarf for 264 gold pieces
 12374 | D:11     | Found a staircase to the Orcish Mines.
 12616 | D:12     | Noticed a death knight
 12631 | D:12     | Noticed Nergalle
 13000 | D:13     | Noticed a six-headed hydra
 13198 | D:13     | Killed a three-headed hydra
 13266 | D:12     | Killed Nergalle
 13287 | D:12     | Killed a death knight
 13287 | D:12     | Reached skill level 10 in Dodging
 13630 | D:12     | Reached skill level 11 in Fighting
 13755 | D:12     | Noticed a two-headed ogre
 13783 | D:12     | Killed a two-headed ogre
 13783 | D:12     | Reached skill level 10 in Armour
 14169 | D:12     | Bought a yellow potion for 24 gold pieces
 14169 | D:12     | Bought a scroll of enchant armour for 202 gold pieces
 14169 | D:12     | Bought a potion of curing for 81 gold pieces
 14169 | D:12     | Bought a potion of berserk rage for 135 gold pieces
 14169 | D:12     | Bought a scroll of fog for 54 gold pieces
 14999 | D:13     | Noticed a two-headed ogre
 15007 | D:13     | Killed a two-headed ogre
 15322 | D:13     | Reached XP level 13. HP: 100/106 MP: 16/16
 15510 | D:13     | Found a gate to the Vaults.
 15514 | D:13     | Paralysed by a wizard for 2 turns
 16020 | D:13     | Reached skill level 12 in Fighting
 17217 | D:14     | Found a runed translucent gate.
 17217 | D:14     | Found a runed translucent gate.
 17217 | D:14     | Found a runed translucent gate.
 17218 | D:14     | Noticed PirateVox's ghost (journeyman KoBe)
 17293 | D:14     | Noticed Kirke
 17299 | D:14     | Noticed a sphinx
 17452 | D:14     | Found a flagged portal.
 17473 | Bailey   | Entered a bailey
 17995 | Bailey   | Got a jewelled helmet
 18010 | Bailey   | Identified the cursed +0 helmet "Zoor" {rElec} (You found
                  | it in a bailey)
 18247 | D:14     | Found a white marble altar of Elyvilon.
 18269 | D:14     | Reached skill level 10 in Shields
 19081 | D:14     | Noticed a sphinx
 19094 | D:14     | HP: 2/163 [Kirke (14)]
 19095 | D:14     | Mangled by a sphinx

Illustrated notes

Levels and vault maps discovered:
D:1:      beargit_arrival_greenhouse, layout_loops_cross, grunt_decor_resistance
D:2:      layout_basic, minmay_worlds_worst_comb
D:3:      layout_basic, lightli_sewer_entry_pipes, minivault_4,
          guppyfry_early_orc_mine
D:4:      minmay_razor_zed, layout_rooms, yredelemnul_altar_generic,
          first_ration, kennysheep_decorative_pillar, uniq_pikel,
          uniq_crazy_yiuf_cottage
D:5:      layout_rooms, kennysheep_little_box, serial_shops, shop,
          minmay_tree_intersection, kb_xom_exploding_sheep
D:6:      layout_basic, temple_doors_ab, basic_altar, enter_ossuary_4,
          kennysheep_generic_room_12
D:7:      layout_cave_pools, overflow_temple_1_default, uniq_prince_ribbit1,
          uniq_joseph
D:8:      layout_loops_ring, fedhas_altar_2, serial_shops, shop, uniq_maggie,
          uniq_psyche
D:9:      layout_big_octagon, basic_altar
D:10:     layout_long_grid, serial_shops, nicolae_shop_trees,
          kennysheep_nondescript, hangedman_ranch [blue_anna_fruit_fields]
D:11:     layout_roguey, lair_entry_dummy, hiddenorc1_lemuel, serial_shops,
          nicolae_shop_window_shopping, roderic_batcave, pond, uniq_harold
D:12:     layout_loops_cross, gauntlet_entry_generic, uniq_nergalle
D:13:     layout_stronghold, grunt_vaults_entry_tiered
D:14:     layout_loops_ring, elyvilon_altar_3, gammafunk_ghost_spectres,
          enter_bailey_2, uniq_kirke

Skill      XL: |  1  2  3  4  5  6  7  8  9 10 11 12 13 |
---------------+----------------------------------------+-----
Dodging        | 1 2 3 4 5 6 7 8 9 10 11 | 11.4
Fighting       | 2 3 4 6 8 9 10 11 12 | 12.4
Armour         | 1 2 3 5 7 8 9 10 11 | 11.3
Shields        | 2 4 5 7 9 10 | 10.0
Polearms       | |  2.6
Stealth        | |  1.7
Spellcasting   | |  2.0
Conjurations   | |  1.0

Action                   |  1- 3 |  4- 6 |  7- 9 | 10-12 | 13-15 || total
-------------------------+-------+-------+-------+-------+-------++-------
Melee: Spear             |   127 |   140 |   232 |       |       ||   499
       Trident           |       |       |   125 |    56 |    11 ||   192
       Morningstar       |       |       |       |   499 |   287 ||   786
       Falchion          |       |       |       |     4 |     9 ||    13
       Unarmed           |       |       |       |       |    14 ||    14
Throw: Dart              |       |    22 |     7 |    19 |    32 ||    80
       Stone             |       |     4 |     2 |       |       ||     6
       Boomerang         |       |       |     3 |     4 |     3 ||    10
       Javelin           |       |       |       |     8 |       ||     8
       Throwing net      |       |       |       |       |     4 ||     4
Invok: Call Merchant     |       |       |       |     2 |       ||     2
Evoke: Wand              |       |       |    29 |    25 |    16 ||    70
  Use: Scroll            |     7 |     1 |     9 |    12 |     5 ||    34
       Potion            |       |     7 |     5 |     7 |     6 ||    25
 Stab: Sleeping          |    10 |       |     2 |     4 |       ||    16
       Paralysed         |       |       |     6 |       |       ||     6
       Distracted        |       |       |       |     1 |     2 ||     3
  Eat: Chunk             |     4 |     5 |     6 |       |       ||    15
       Ration            |       |       |     4 |     6 |     4 ||    14
Armor: Robe              |     3 |       |       |       |       ||     3
       Chain mail        |    19 |    42 |    63 |       |       ||   124
       Leather armour    |     1 |       |       |       |       ||     1
       Skin              |       |    20 |       |       |       ||    20
       Scale mail        |       |       |    40 |   152 |    75 ||   267
Dodge: Dodged            |    41 |    48 |   132 |   260 |   227 ||   708
       Repelled          |       |       |       |     2 |     1 ||     3
Block: Tower shield      |       |       |   198 |   602 |   405 ||  1205
       Rpst.: Falchion   |       |       |       |     1 |     1 ||     2

Table legend:
 A = Non-vault XP
 B = Vault XP
 C = Vault XP percentage of total XP
 D = Non-vault monster count
 E = Vault monster count
 F = Vault count percentage of total count
                 A         B        C        D         E       F
            +---------+---------+-------+---------+---------+-------
      Total |   40152 |   18007 |  31.0 |     354 |     159 |  31.0
            +---------+---------+-------+---------+---------+-------
        D:1 |      40 |       0 |   0.0 |      22 |       0 |   0.0
        D:2 |      28 |       8 |  22.2 |      13 |       4 |  23.5
        D:3 |      71 |     182 |  71.9 |      24 |      22 |  47.8
        D:4 |     532 |    1170 |  68.7 |      24 |      11 |  31.4
        D:5 |     145 |       0 |   0.0 |       9 |       0 |   0.0
        D:6 |     736 |       2 |   0.3 |      19 |       2 |   9.5
        D:7 |     974 |     743 |  43.3 |      27 |       2 |   6.9
        D:8 |    2310 |     780 |  25.2 |      13 |       2 |  13.3
        D:9 |    3307 |       0 |   0.0 |      24 |       0 |   0.0
       D:10 |    2611 |    2172 |  45.4 |      26 |       8 |  23.5
       D:11 |    5092 |    2281 |  30.9 |      47 |      33 |  41.2
       D:12 |    9574 |    2859 |  23.0 |      58 |       5 |   7.9
       D:13 |   10383 |    5641 |  35.2 |      33 |      21 |  38.9
       D:14 |    4349 |     609 |  12.3 |      15 |       3 |  16.7
      Sewer |       0 |     121 | 100.0 |       0 |       6 | 100.0
    Ossuary |       0 |     166 | 100.0 |       0 |      21 | 100.0
     Bailey |       0 |    1273 | 100.0 |       0 |      19 | 100.0
            +---------+---------+-------+---------+---------+-------
